 Dungeon Crawl Stone Soup version 0.29-a0-1019-g84f7d21838 (webtiles) character file.

Game seed: 1429955055536613942

144 drpainis the Sneak (level 5, -5/24 HPs)
             Began as a Spriggan Enchanter on Aug 10, 2022.
             Killed by divine providence
             ... invoked by an orc priest
              (15 damage)
             ... on level 2 of the Dungeon.
             The game lasted 00:04:47 (3578 turns).

drpainis the Sneak (Spriggan Enchanter)             Turns: 3578, Time: 00:04:48

Health: -5/24      AC:  2    Str:  4    XL:     5   Next: 5%
Magic:  1/10       EV: 18    Int: 17    God:
Gold:   105        SH:  0    Dex: 17    Spells: 8/10 levels left

rFire   . . .      SeeInvis +   a - +1 dagger
rCold   . . .      Faith    .   (no shield)
rNeg    . . .      Spirit   .   b - +0 robe
rPois   .          Reflect  .   (helmet restricted)
rElec   .          Harm     .   (no cloak)
rCorr   .          Rampage  .   (gloves unavailable)
Will    .....                   (boots unavailable)
Stlth   ++++......              (no amulet)
HPRegen 0.08/turn               (no ring)
MPRegen 0.12/turn               (no ring)

@: very quick
A: very small, no large weapons, unfitting armour, see invisible, speed 3
a: no special abilities


You were on level 2 of the Dungeon.
You visited 1 branch of the dungeon, and saw 2 of its levels.

You collected 105 gold pieces.

Inventory:

Hand Weapons
 a - a +1 dagger (weapon)
Armour
 b - a +0 robe (worn)
Scrolls
 d - 2 scrolls of identify {unknown}
 f - a scroll of immolation {unknown}
Potions
 c - a potion of invisibility
 e - 3 potions of mutation {unknown}
 g - a potion of curing {unknown}
 h - a potion of cancellation {unknown}


   Skills:
 + Level 0.2 Fighting
 + Level 1.8 Short Blades
 + Level 3.1 Dodging
 + Level 6.9 Stealth
 + Level 3.2 Spellcasting
 + Level 4.3 Hexes
 + Level 1.0 Ice Magic


You had 8 spell levels left.
You knew the following spells:

 Your Spells              Type           Power      Damage    Failure   Level
a - Ensorcelled Hibernat  Hex/Ice        22%        N/A       9%          2

Your spell library contained the following spells:

 Spells                   Type           Power      Damage    Failure   Level
 Confusing Touch          Hex            17%        N/A       9%          3
 Tukima's Dance           Hex            17%        N/A       9%          3
 Dazzling Flash           Conj/Hex       20%        N/A       22%         3


Dungeon Overview and Level Annotations

Branches:
Dungeon (2/15)

Altars:


Innate Abilities, Weirdness & Mutations

You are very small and have problems with some larger weapons.
You are too small for most types of armour.
You have supernaturally acute eyesight. (SInv)
You cover ground extremely quickly. (Speed+++)


Message History

The orc priest looks drowsy...
The orc shouts!
The orc hits you with a +1 vorpal flail!
The orc closely misses you.
The orc priest shouts!
The orc hits you with a +1 vorpal flail.
The orc completely misses you. The orc misses you.
The orc priest closely misses you.
Casting: Ensorcelled Hibernation (safe; 9% risk of failure)
Confirm with . or Enter, or press ? or * to list all spells.
Aiming: Ensorcelled Hibernation (safe; 9% risk of failure)
Press: ? - help, Shift-Dir - straight line, f - rat, p - orc priest
Aim: a rat (chance to affect: 62%)
The orc priest is unaffected.
Casting: Ensorcelled Hibernation (safe; 9% risk of failure)
Confirm with . or Enter, or press ? or * to list all spells.
Aiming: Ensorcelled Hibernation (safe; 9% risk of failure)
Press: ? - help, Shift-Dir - straight line, f/p - rat
Aim: a rat (chance to affect: 62%)
The orc priest is unaffected.
The orc priest barely misses you.
Casting: Ensorcelled Hibernation (safe; 9% risk of failure)
Confirm with . or Enter, or press ? or * to list all spells.
Aiming: Ensorcelled Hibernation (safe; 9% risk of failure)
Press: ? - help, Shift-Dir - straight line, f/p - rat
Aim: a rat (chance to affect: 62%)
The orc priest is unaffected.
The orc priest misses you.
Casting: Ensorcelled Hibernation (safe; 9% risk of failure)
Confirm with . or Enter, or press ? or * to list all spells.
Aiming: Ensorcelled Hibernation (safe; 9% risk of failure)
Press: ? - help, Shift-Dir - straight line, f/p - rat
Aim: a rat (chance to affect: 62%)
The orc priest is unaffected.
The orc priest barely misses you.
Casting: Ensorcelled Hibernation (safe; 9% risk of failure)
Confirm with . or Enter, or press ? or * to list all spells.
You don't have enough magic to cast this spell.
Unknown command.
The orc priest calls down the wrath of Beogh upon you.
Beogh smites you!
Ouch! That really hurt!
You die...

#........#
####o.......#
#o..o.?.....#
#o##r.......#
#r#######.###
#o# #.### #.#
#†..# #.#
###.###### #@#
#..)....
##.######
########
#......)######
#......†.....#
#.......####.#
#.......# #.#
#.......# #.#
#### #.......#
#.# #...
######### #.#
#...


You could see an orc priest, 2 orcs and a rat.

Vanquished Creatures
  Terence (D:2)
  4 gnolls (D:2)
  2 adders (D:2)
  2 worms (D:2)
  A dart slug (D:1)
  2 orcs (D:2)
  4 endoplasms (D:1)
  4 goblins
  5 hobgoblins
  2 jackals (D:2)
  2 kobolds
  5 quokkas
  5 ball pythons
  2 bats (D:2)
  6 frilled lizards
  5 rats
52 creatures vanquished.

Notes
Turn   | Place    | Note
-------+----------+-------------------------------------------
     0 | D:1      | drpainis the Spriggan Enchanter began the quest for the
                  | Orb.
     0 | D:1      | Reached XP level 1. HP: 9/9 MP: 5/5
   101 | D:1      | Found a faded altar of an unknown god.
   304 | D:1      | Reached XP level 2. HP: 13/13 MP: 6/6
   496 | D:1      | Reached skill level 5 in Stealth
  1134 | D:2      | Reached XP level 3. HP: 4/16 MP: 8/8
  1395 | D:2      | Learned a level 2 spell: Ensorcelled Hibernation
  1414 | D:2      | Reached skill level 6 in Stealth
  1777 | D:2      | Reached XP level 4. HP: 21/21 MP: 2/9
  2896 | D:2      | Noticed Terence
  2899 | D:2      | Killed Terence
  3344 | D:2      | Reached skill level 1 in Ice Magic
  3344 | D:2      | Reached XP level 5. HP: 22/24 MP: 2/10
  3578 | D:2      | Killed from afar by an orc priest

Illustrated notes

Levels and vault maps discovered:
D:1:      erik_arrival_orb_chamber, layout_loops_cross,
          chequers_ecumenical_altar_simple_redux
D:2:      layout_basic, skrybe_limestone_x, uniq_terence

Skill      XL: |  1  2  3  4 |
---------------+-------------+-----
Hexes          | 4 |  4.3
Stealth        | 5 6 |  6.9
Spellcasting   | 3 |  3.2
Dodging        | 3 |  3.1
Ice Magic      | 1 |  1.0
Fighting       | |  0.2
Short Blades   | |  1.8

Action                   |  1- 3 |  4- 6 || total
-------------------------+-------+-------++-------
Melee: Dagger            |    70 |    46 ||   116
       Punch             |     1 |       ||     1
 Cast: Ensorcelled Hiber |     8 |    29 ||    37
  Use: Potion            |       |     1 ||     1
 Stab: Sleeping          |    20 |    14 ||    34
       Invisible         |       |     1 ||     1
Armor: Robe              |     2 |     1 ||     3
Dodge: Dodged            |    30 |    51 ||    81

Table legend: (Time is in decaauts)
 A = Elapsed time spent in this place.
 B = Non-inter-level travel time spent in this place.
 C = Inter-level travel time spent in this place.
 D = Time resting spent in this place.
 E = Time spent auto-exploring this place.
 F = Levels seen in this place.
 G = Mean time per level.
                   A        B        C        D        E       F      G
               +--------+--------+--------+--------+--------+-----+--------+
         Total |   3062 |   3027 |     35 |   1738 |    847 |   2 | 1531.0 |
       Dungeon |   3062 |   3027 |     35 |   1738 |    847 |   2 | 1531.0 |
               +--------+--------+--------+--------+--------+-----+--------+

Top non-repeatable levels by time:
     D:2: 1705 daAuts
     D:1: 1357 daAuts
